[Event "Superbet Rapid Poland 2022"]
[Site "Warsaw"]
[Date "2022.05.20"]
[Round "6.1"]
[White "Korobov, Anton"]
[Black "Rapport, Richard"]
[Result "0-1"]
[ECO "E94"]
[WhiteElo "2671"]
[BlackElo "2776"]
[Annotator "TA"]
[PlyCount "162"]
[EventDate "2022.05.19"]
[EventType "tourn"]
[EventCountry "POL"]
[SourceTitle "playchess.com"]
[Source "ChessBase"]
[SourceQuality "1"]
[TimeControl "1500+10"]

1. c4 g6 2. Nc3 Bg7 3. Nf3 Nf6 4. e4 d6 5. d4 O-O 6. Be2 e5 7. O-O Na6 8. d5 Nc5 9. Qc2 a5 10. Bg5 h6 11. Be3 b6 12. Nd2 Ng4 13. Bxg4 Bxg4 14. a3 Bd7 15. b4 {[%emt 0:00:04] E94: King's Indian: Classical: 6 Be2 e5 7 0-0: Various Black 7th moves.} Nb7 16. c5 (16. Rac1 $14) 16... axb4 $11 17. axb4 {[%emt 0:00:01] And now c6 would win. The position is equal.} bxc5 18. bxc5 Nxc5 19. Bxc5 dxc5 {[%emt 0:00:03] [#]} 20. Na4 $146 ({Predecessor:} 20. Nc4 Qg5 21. f3 Rfb8 22. Rxa8 Rxa8 23. Rb1 Bc8 24. Nb5 Qe7 25. Nba3 f5 26. Rb2 fxe4 27. fxe4 {½-½ (47) Ahman,H-Schneider,K ICCF corr 1988}) 20... c6 21. d6 Be6 22. Qxc5 Ra5 23. Qc3 Ra7 24. Qxc6 $2 {[%emt 0:00:46] [#]} (24. Nc5 $11 Rxa1 25. Rxa1 Qxd6 26. Nxe6 Qxe6 27. h3) 24... Qa8 $1 $19 25. Qc2 Rc8 $36 {[%emt 0:00:12][%mdl 2048] Black is in control.} 26. Qd1 Rc6 {[%emt 0:01:49] Prevents Nb6. aiming for ...Rca6.} 27. Nb3 ({But not} 27. Nf3 $2 Rca6 28. h3 Bd7 $19) 27... Rxa4 28. d7 {[%emt 0:00:10] [#]} Bxd7 29. Rxa4 (29. Qxd7 Rxa1) 29... Qxa4 30. Qxd7 {[%emt 0:00:02][%cal Ob3a5] Strongly threatening Na5!} Qxe4 31. Nd2 Qc2 32. Nf3 Re6 {[%emt 0:01:42] Inhibits Qe8+.} 33. h3 Qc6 (33... Bf8 {feels hotter.} 34. Ra1 Qc5 35. Ra8 Kg7) 34. Qxc6 Rxc6 $17 {[%emt 0:00:02][%mdl 4096] Endgame KRB-KRN} 35. Re1 Rc5 36. g4 f5 37. gxf5 (37. Nh4 $142) 37... gxf5 38. Nh4 e4 39. Nxf5 (39. Rd1 $17) 39... Rxf5 $19 40. Rxe4 $17 {[%emt 0:00:01] KRB-KR} Kf7 41. Kg2 Bf8 42. Re3 Rg5+ 43. Rg3 Ra5 44. Rf3+ Kg7 45. Rg3+ Kh7 46. Rf3 Bg7 47. Rf4 Ra2 48. Rf3 Bd4 49. Rf4 Ba7 50. Rf3 Kg6 51. Rg3+ Kh5 52. Rf3 Ra5 53. Rg3 $2 (53. Rf7) 53... Rg5 $19 54. Rg4 Rf5 55. f3 Rb5 {[%emt 0:00:45] Hoping for ...Rb2+.} 56. f4 (56. Kg3 $142) 56... Bb8 57. Kg3 Rb3+ 58. Kg2 Bd6 59. Kh2 Rb2+ 60. Kg3 Be7 61. f5 Bd6+ 62. Kf3 Rh2 63. Re4 Rxh3+ 64. Kg2 Rd3 (64... Rg3+ $142 65. Kh1 Rf3 66. Re6 Bc5 67. Re5 Bd4 68. Kg2 Rf4 69. Re6 Rxf5 70. Re4 Bc5 71. Kh3 Rd5 72. Rh4+ Kg5 73. Rg4+ Kf5 74. Rh4 Rd3+ 75. Kg2 Kg5 76. Rh3 Rd2+ 77. Kf3 h5 78. Rg3+ Kf5 79. Rh3 Rf2+ 80. Kg3 Kg5 81. Rh2 Rf5 82. Rg2 h4+ 83. Kh3+ Kh5 84. Rg7 Rf3+ 85. Kg2 Rd3 86. Rh7+ Kg5 87. Rg7+ Kh5 88. Rh7+ Kg4 89. Rg7+ Kf5 90. Rh7 Kg5 91. Rg7+ Kh5) 65. Re2 Kg5 {[%emt 0:00:05] Black mates.} 66. f6 Kxf6 67. Rf2+ Kg5 68. Rf3 Rd2+ 69. Rf2 Rd4 70. Re2 Kg4 71. Rf2 Bf4 72. Re2 Rd3 73. Rf2 Rg3+ 74. Kh1 Rh3+ 75. Kg2 Rh2+ 76. Kg1 Rh5 77. Kg2 Bg3 78. Rf8 Rh2+ 79. Kg1 Rd2 80. Rf1 Kh3 81. Rb1 Rg2+ {[%emt 0:00:06] Weighted Error Value: White=0.39/Black=0.04 (flawless)} 0-1

[Event "Superbet Rapid Poland 2022"]
[Site "Warsaw"]
[Date "2022.05.20"]
[Round "6.2"]
[White "Wojtaszek, Radoslaw"]
[Black "Caruana, Fabiano"]
[Result "1/2-1/2"]
[ECO "E08"]
[WhiteElo "2696"]
[BlackElo "2786"]
[Annotator "TA"]
[PlyCount "103"]
[EventDate "2022.05.19"]
[EventType "tourn"]
[EventCountry "POL"]
[SourceTitle "playchess.com"]
[Source "ChessBase"]
[SourceQuality "1"]
[TimeControl "1500+10"]

1. d4 Nf6 2. c4 e6 3. Nf3 d5 4. g3 Bb4+ 5. Bd2 Be7 6. Bg2 O-O 7. Qc2 Nbd7 8. O-O c6 9. Bf4 a5 10. Rd1 {[%emt 0:00:37] E08: Closed Catalan: Main Line: 7 Qc2.} a4 11. Ne5 {[%emt 0:01:04][%cal Bf3e5,Be5d3,Bd3b4][%mdl 32] 11.a3 is the fancy move.} Qa5 {[%emt 0:00:23] [#]} 12. Nd3 $146 {[%emt 0:01:16] White has an edge.} ({Predecessor:} 12. Nc3 a3 13. b3 Bb4 14. Rac1 Nh5 15. Bd2 Nxe5 16. dxe5 d4 17. Ne4 Bxd2 18. Qxd2 Qxe5 {½-½ (48) Markus,R (2615)-Damljanovic,B (2522) Novi Sad 2018}) 12... b6 13. cxd5 cxd5 14. Bd2 Qa7 15. Bb4 Bxb4 16. Nxb4 Bb7 17. a3 Rfc8 18. Nc3 Qa5 19. Rac1 Nb8 20. Qd2 Nc6 21. Nca2 Nxb4 22. Nxb4 Ba6 23. Rxc8+ Rxc8 24. Rc1 Bc4 25. f3 b5 26. e4 dxe4 27. fxe4 Rd8 {[%emt 0:00:28] aiming for ...Qb6.} 28. Kh1 (28. Qf2 $11) 28... Qb6 $15 29. d5 Ng4 {[%emt 0:04:13] [#] White must now prevent ...Nf2+.} 30. Bf3 Ne5 31. Bg2 Qd6 32. Qf4 Re8 33. h3 g6 34. Kh2 Kg7 35. Nc6 exd5 36. exd5 h5 (36... Bxd5 $2 37. Qd4 $18) 37. Rc2 f6 (37... Bxd5 $2 38. Qd4 $18) 38. Nd4 Kh7 ({Don't take} 38... Bxd5 39. Nxb5 Qb8 40. Bxd5 $16) 39. Ne6 ({Don't go for} 39. Nf5 $2 gxf5 40. Qxf5+ Kg7 $19) 39... Qe7 (39... Bxd5 $2 40. Rc7+ Re7 {[#]} 41. Qxf6 $1 Qxc7 42. Nxc7 Nf3+ 43. Bxf3 $18) (39... f5 $11) 40. Be4 $14 Rc8 41. Rf2 Bd3 42. Bxd3 Nxd3 43. Qxf6 Qxf6 44. Rxf6 {[%emt 0:00:01][%mdl 4096] Endgame Hoping for d6. KRN-KRN} Rc2+ 45. Kg1 {[%emt 0:00:03] Strongly threatening Rf7+.} Rd2 46. Rf7+ Kh6 47. h4 (47. Rf8 $16 Kh7 48. d6) 47... Ne5 $11 {[%emt 0:00:01] The position is equal.} 48. Rb7 {[%emt 0:00:13] Threatens to win with Ng5.} Nf3+ 49. Kf1 Nh2+ 50. Ke1 Nf3+ 51. Kf1 Nh2+ 52. Ke1 {Weighted Error Value: White=0.08 (flawless) /Black=0.07 (flawless)} 1/2-1/2

[Event "Superbet Rapid Poland 2022"]
[Site "Warsaw"]
[Date "2022.05.20"]
[Round "6.3"]
[White "So, Wesley"]
[Black "Gavrilescu, David"]
[Result "1/2-1/2"]
[ECO "B14"]
[WhiteElo "2766"]
[BlackElo "2518"]
[Annotator "TA"]
[PlyCount "130"]
[EventDate "2022.05.19"]
[EventType "tourn"]
[EventCountry "POL"]
[SourceTitle "playchess.com"]
[Source "ChessBase"]
[SourceQuality "1"]
[TimeControl "1500+10"]

1. c4 e6 2. Nf3 d5 3. e3 Nf6 4. Nc3 c5 5. cxd5 exd5 6. Bb5+ Nc6 7. d4 cxd4 8. exd4 Be7 9. O-O $1 {[%emt 0:00:09][%mdl 4] is now more promising than 9.Ne5.} O-O 10. Ne5 Bd7 11. Re1 {[%emt 0:00:15] B14: Caro-Kann: Panov-Botvinnik Attack with 5...e6 and 5...g6.} h6 12. Bf4 {[%emt 0:01:45] [#]} Re8 $146 ({Predecessor:} 12... Rc8 13. Re3 a6 14. Be2 Bb4 15. Rc1 Be6 16. Rg3 Kh8 17. a3 Bxc3 18. Rgxc3 Ne7 {1-0 (38) Salinas Herrera,P (2514)-Homa,S (2269) Philadelphia 2021}) 13. a3 {[%emt 0:02:41] White has an edge.} Rc8 14. h3 a6 15. Bxc6 Bxc6 16. Re3 Bd6 17. Rg3 {[%emt 0:01:16] With the idea Bxh6.} Kf8 $1 18. Qd3 Ne4 19. Nxe4 dxe4 20. Qe2 Qf6 21. Bd2 Qf5 22. Rg4 {[%emt 0:00:26] [#]} (22. Bb4 $11 Bxb4 23. axb4) 22... Bb5 (22... Bxe5 $6 23. dxe5 Red8 24. Bc3 $11) (22... f6 $1 $17 23. Nc4 Bb8) 23. Qe3 {[%emt 0:02:10] [#]} (23. Qxe4 $11 Qxe4 24. Rxe4) 23... g5 $1 $17 {[%emt 0:00:26] aiming for ...f6.} ({Much worse is} 23... Bxe5 $6 24. dxe5 Rc2 25. Qb3 $11) 24. Qg3 (24. Qxe4 Qxe4 25. Rxe4 f6) 24... Bxe5 (24... Rc2 $142 25. Bxg5 hxg5 26. Rxg5 Qh7) 25. dxe5 Qxe5 26. Qb3 Rcd8 27. Bc3 Qe6 28. Qb4+ Kg8 {[%emt 0:00:01] And now ...f5 would win.} 29. Rg3 Qc4 ({Better is} 29... f5 $17 {Strongly threatening ...f4.} 30. f4 exf3 31. Rxf3 f4) 30. Qa5 Rd6 31. a4 Bd7 32. h4 b6 33. Qb4 Qxb4 34. Bxb4 Rd3 35. Rxd3 exd3 36. hxg5 hxg5 $15 {[%emt 0:00:02][%cal Od7a4][%mdl 4096] Endgame KRB-KRB} 37. Rd1 Bf5 38. a5 b5 39. f3 f6 40. Bd2 Re2 41. Bc3 Kf7 42. Rd2 Re6 43. Kf2 Rc6 44. Ke3 Rc4 45. Rd1 b4 46. Bd2 Ke6 47. g4 Bg6 48. b3 Rc5 49. Bxb4 Rb5 50. Bd2 Rxb3 51. Rc1 Kd7 {[%emt 0:00:03] Prevents Rc6.} 52. Bc3 {[%emt 0:00:10] The position is equal.} f5 53. gxf5 Bxf5 54. Bd2 g4 55. Kf4 Be6 56. fxg4 Rb2 57. Ke3 Bxg4 (57... Rb5 {seems wilder.} 58. Rg1 Rg5 59. Kf4 Rxg4+ 60. Rxg4 Bxg4 61. Kxg4 Kc6) 58. Kxd3 Rb3+ 59. Rc3 Rxc3+ 60. Bxc3 $11 {[%emt 0:00:02] KB-KB} Kc6 61. Bd2 Bf5+ 62. Kd4 Bg4 63. Bc3 Be6 64. Bd2 Bg4 65. Bc3 Be6 {[%emt 0:00:01] Weighted Error Value: White=0.12 (very precise) /Black=0.08 (flawless)} 1/2-1/2

[Event "Superbet Rapid Poland 2022"]
[Site "Warsaw"]
[Date "2022.05.20"]
[Round "6.4"]
[White "Anand, Viswanathan"]
[Black "Duda, Jan-Krzysztof"]
[Result "1/2-1/2"]
[ECO "C02"]
[WhiteElo "2751"]
[BlackElo "2750"]
[Annotator "TA"]
[PlyCount "101"]
[EventDate "2022.05.19"]
[EventType "tourn"]
[EventCountry "POL"]
[SourceTitle "playchess.com"]
[Source "ChessBase"]
[SourceQuality "1"]
[TimeControl "1500+10"]

1. e4 e6 2. d4 d5 3. e5 c5 4. c3 Nc6 5. Nf3 Qb6 6. a3 c4 7. Nbd2 Na5 8. Rb1 Bd7 9. b4 {[%emt 0:00:31] C02: French: Advance Variation.} (9. h4 $11 {feels stronger.}) 9... cxb3 $1 $15 10. Nxb3 Ba4 11. Nxa5 $1 {[%emt 0:00:12][%mdl 4] Black is slightly better. now scores much better than the old 11.Nfd2.} Bxd1 12. Rxb6 axb6 13. Bb5+ Ke7 14. Kxd1 bxa5 15. a4 f6 {[%emt 0:00:05] [#]} 16. g4 $146 ({Predecessor:} 16. Re1 Kf7 17. c4 Bb4 18. Re2 Ne7 19. Bd7 Ra6 20. c5 Rd8 21. Bb5 Raa8 22. g4 {0-1 (48) McGettigan,A (1930)-Alizada,E (1924) London 2019}) 16... Kf7 17. g5 h6 18. gxf6 gxf6 19. Rg1 {[%emt 0:06:24] [#] Hoping for exf6.} Bg7 20. Ba3 fxe5 21. dxe5 Bf8 22. Bxf8 Rxf8 23. Nd4 h5 24. Ke2 Rh6 25. Bd7 Ke7 26. Bb5 {[%emt 0:02:08] [#] Threatens to win with Rg7+.} Kd8 27. f4 Ne7 28. Ke3 h4 29. h3 Nf5+ (29... Rg8 $5 30. Rg5 Kc8 $11) 30. Nxf5 Rxf5 $11 {[%emt 0:00:03][%mdl 4096] Endgame KRR-KRB} (30... exf5 31. Rg7 $16) 31. Rg7 {[%emt 0:00:20] Prevents Rf7.} Rh8 32. Rxb7 {[%emt 0:00:19] Black must now prevent Rb8+.} (32. Bd3 $5 Rff8 33. f5 exf5 34. Rxb7 $11) 32... Rhf8 33. Rd7+ Kc8 34. Kd4 $1 R8f7 35. Rd6 $1 Rxf4+ 36. Kc5 Rf3 37. Rxe6 Rxc3+ 38. Kd6 d4 {[%emt 0:00:16] Strongly threatening ...d3.} 39. Re8+ Kb7 {[%emt 0:00:01] ...d3 is the strong threat.} 40. e6 Rfc7 (40... Rf6 $11 {keeps the balance.}) 41. Rd8 (41. Rh8 $16) 41... d3 {[%emt 0:00:09] And now ...d2 would win. The position is equal.} (41... Rxh3 $2 42. Rd7 (42. Ba6+ Kb6 $11) 42... Rg3 43. Rxc7+ $18) 42. Ke5 d2 43. Rxd2 {[%emt 0:00:03] aiming for Kd6.} Rxh3 44. Kd6 ({Not} 44. Rd7 $2 Rxd7 45. Bxd7 Kc7 $19) 44... Re3 45. Rb2 {[%emt 0:00:31] Threatening mate with Bc6+.} Rg7 46. Re2 Rxe2 $1 47. Bxe2 h3 48. e7 ({Wrong is} 48. Bf3+ $2 Kc8 49. Bc6 Kd8 $19) 48... Rg8 49. Kd7 Kb6 50. e8=Q Rxe8 51. Kxe8 {[%emt 0:00:01] Weighted Error Value: White=0.05 (flawless) /Black=0.09 (flawless)} 1/2-1/2

[Event "Superbet Rapid Poland 2022"]
[Site "Warsaw"]
[Date "2022.05.20"]
[Round "6.5"]
[White "Shevchenko, Kirill"]
[Black "Aronian, Levon"]
[Result "1/2-1/2"]
[ECO "C77"]
[WhiteElo "2644"]
[BlackElo "2765"]
[Annotator "TA"]
[PlyCount "85"]
[EventDate "2022.05.19"]
[EventType "tourn"]
[EventCountry "POL"]
[SourceTitle "playchess.com"]
[Source "ChessBase"]
[SourceQuality "1"]
[TimeControl "1500+10"]

1. e4 e5 2. Nf3 Nc6 3. Bb5 a6 4. Ba4 Nf6 5. Nc3 d6 6. Bxc6+ bxc6 7. d4 {[%emt 0:00:02] C77: Ruy Lopez: 3...a6 4 Ba4 Nf6, unusual lines.} Nd7 8. O-O a5 9. b3 {[%emt 0:03:10] White is slightly better.} Be7 {[%emt 0:00:05] [#]} 10. Re1 $146 ({Predecessor:} 10. Bb2 Bf6 11. dxe5 dxe5 12. Na4 O-O 13. Qd2 Qe7 14. Rfd1 Re8 15. Qc3 Qe6 16. h3 {0-1 (43) Enoch,D-Johner,P Berlin 1929}) 10... O-O 11. Ba3 (11. dxe5 $142 Nxe5 12. Nxe5 dxe5 13. Qf3) 11... f6 12. Na4 Nb6 13. Nxb6 cxb6 14. c4 Qe8 15. Qd3 Kh8 16. Rad1 (16. Nd2 {feels stronger.}) 16... Bg4 17. h3 Bh5 18. g4 Bf7 19. Nh4 g6 20. Ng2 Rd8 21. f4 b5 22. cxb5 cxb5 23. Bb2 Qc6 24. d5 Qb6+ 25. Kh1 Rc8 26. Rf1 $1 Be8 27. g5 {[%emt 0:01:23] [#] aiming for gxf6.} Bd7 {[%emt 0:00:01] The position is equal.} 28. Qg3 Kg8 $1 (28... Rc2 $2 29. gxf6 Rxf6 30. fxe5 Rxf1+ 31. Rxf1 Rxb2 32. exd6 Rxg2 33. Kxg2 (33. Qe5+ Kg8 $16) 33... Bxd6 34. Rf6 $18) 29. gxf6 Bxf6 {[%emt 0:00:07] Strongly threatening ...exf4.} 30. fxe5 dxe5 31. Bxe5 (31. Kh2 $5 ) 31... Bxe5 32. Qxe5 Bxh3 {[%emt 0:00:22] [#] Threatens to win with ...Rf2.} 33. d6 Rf2 34. Nf4 {[%emt 0:01:23] Really sharp!} Bg4 (34... Rxf1+ $2 35. Rxf1 Qe3 36. d7 (36. Ne6 $2 Bg2+ 37. Kh2 Qh3+ 38. Kg1 Qh1+ 39. Kf2 Qxf1+ $19) 36... Bxd7 37. Qd5+ Kh8 38. Qxd7 $18) 35. Qd5+ Kg7 {[%emt 0:00:13] ( -> ...Bf3+)} 36. Ne6+ Bxe6 37. Qxe6 {[%emt 0:00:06] Qd7+ is the strong threat.} Rcf8 38. Qe5+ Kg8 39. Qd5+ Kg7 40. Qe5+ Kg8 41. Qd5+ Kg7 42. Qe5+ Kg8 43. Qe6+ {[%emt 0:00:04] Weighted Error Value: White=0.09 (flawless) /Black=0.05 (flawless)} 1/2-1/2

[Event "Superbet Rapid Poland 2022"]
[Site "Warsaw"]
[Date "2022.05.21"]
[Round "7.1"]
[White "Aronian, Levon"]
[Black "Korobov, Anton"]
[Result "1-0"]
[ECO "B50"]
[WhiteElo "2765"]
[BlackElo "2671"]
[Annotator "TA"]
[PlyCount "83"]
[EventDate "2022.05.19"]
[EventType "tourn"]
[EventCountry "POL"]
[SourceTitle "playchess.com"]
[Source "ChessBase"]
[SourceQuality "1"]
[TimeControl "1500+10"]

1. e4 c5 2. Nf3 d6 3. Bc4 Nf6 4. d3 e6 5. a4 Be7 6. O-O {[%emt 0:00:03] B50: Sicilian: 2...d6, Miscellaneous.} O-O 7. Nbd2 Nc6 8. Re1 {[%emt 0:00:03] The position is equal.} a6 9. c3 Rb8 10. Bb3 b5 11. axb5 axb5 12. d4 {[%emt 0:00:02] [#]} b4 $146 ({Predecessor:} 12... Qc7 13. dxc5 dxc5 14. Nf1 Bb7 15. e5 Rfd8 16. Qe2 Nd7 17. Bc2 c4 18. Bf4 Nf8 {1-0 (37) Jurakic,L (1990)-Dabic,S (2102) Vinkovci 2019}) 13. dxc5 bxc3 14. bxc3 {[%emt 0:00:02] Threatens to win with cxd6.} dxc5 15. Nc4 Qxd1 16. Bxd1 Bb7 17. Bf4 Ra8 18. Rb1 Ra7 19. Nfd2 Rd8 20. f3 h6 21. Be2 g5 22. Bg3 Nh5 23. Bf2 Nf4 24. Bf1 Nd3 25. Bxd3 Rxd3 26. Rec1 {[%emt 0:00:02] [#]} Ne5 $1 27. h3 Nxc4 28. Nxc4 f6 29. Rb6 Kf7 30. Bg3 {[%emt 0:01:44] aiming for Bb8.} Bxe4 {[%emt 0:02:35] [#]} 31. Bb8 $1 $16 Ra4 32. Nb2 {[%emt 0:00:02][%mdl 64] Deflection, Double Attack} Ra2 {[%emt 0:00:02][%cal Od3d2] White must now prevent ...Rd2!} 33. fxe4 Rd2 34. Rb1 e5 35. Rb7 Ke6 {[%emt 0:00:32] [#]} 36. Kh1 ({Worse is} 36. Nc4 Rxg2+ 37. Kh1 (37. Kf1 Rgf2+ 38. Kg1 Rg2+ 39. Kh1 Rh2+ 40. Kg1 Rhg2+ $11) 37... Rh2+ 38. Kg1 Rhg2+ 39. Kh1 (39. Kf1 Rgf2+ 40. Kg1 Rg2+ $11) 39... Rh2+ 40. Kg1 Rhg2+ $11) (36. Kf1 $1 $18) 36... h5 (36... Re2 $16 {is a better defense.} 37. Nc4 Rxg2) 37. Nc4 $18 Rxg2 38. Bxe5 (38. R1b6+ $18 Kf7 39. Nxe5+ fxe5 40. Bd6 (40. Bxe5 Rgd2 $15) 40... Rh2+ 41. Kg1 Rhg2+ 42. Kh1 Rh2+ 43. Kg1 Rhg2+ 44. Kf1 Rgf2+ 45. Ke1 Rfe2+ 46. Kf1 Rf2+ 47. Ke1 Rfe2+ 48. Kd1 Red2+ 49. Kc1 Rac2+ 50. Kb1 Rb2+ 51. Rxb2 Rxd6 52. Rc7) 38... fxe5 $4 {[%emt 0:01:08][%mdl 8192] A mistake that costs the game.} (38... Rgf2 $16) 39. R1b6+ {[%emt 0:00:02][%mdl 64] Deflection. White is clearly winning.} Kf7 40. Nxe5+ Kg8 41. Rxe7 ({Less strong is} 41. Rg6+ Kh8 $16) 41... Rh2+ 42. Kg1 {[%emt 0:00:01] Weighted Error Value: White=0.09 (flawless) /Black=0.27 (precise)} 1-0

[Event "Superbet Rapid Poland 2022"]
[Site "Warsaw"]
[Date "2022.05.21"]
[Round "7.2"]
[White "Duda, Jan-Krzysztof"]
[Black "Shevchenko, Kirill"]
[Result "1/2-1/2"]
[ECO "D15"]
[WhiteElo "2750"]
[BlackElo "2644"]
[Annotator "TA"]
[PlyCount "253"]
[EventDate "2022.05.19"]
[EventType "tourn"]
[EventCountry "POL"]
[SourceTitle "playchess.com"]
[Source "ChessBase"]
[SourceQuality "1"]
[TimeControl "1500+10"]

1. d4 Nf6 2. c4 c6 3. Nf3 d5 4. e3 Bf5 5. Nc3 a6 6. Ne5 Nbd7 7. Qb3 Qc7 8. cxd5 Nxe5 9. dxe5 Nxd5 10. Nxd5 cxd5 11. Bd2 Qxe5 12. Qxb7 Rb8 13. Qxa6 Qxb2 14. Rc1 Bd7 15. Bd3 e6 16. Ke2 Bb4 17. Rc2 Qe5 18. Bxb4 Rxb4 19. Qa3 Qb8 20. Qc3 O-O 21. Qc7 Ba4 22. Qxb8 Rfxb8 23. Rd2 Rb2 24. Rc1 Rxd2+ 25. Kxd2 Rb2+ 26. Ke1 g5 27. a3 Ra2 28. Rc8+ Kg7 29. Ra8 Ra1+ 30. Kd2 Ra2+ 31. Ke1 Rxa3 32. Bc2 Ra1+ 33. Kd2 Rf1 34. Bxa4 Rxf2+ 35. Ke1 Rxg2 36. Be8 f5 37. Bd7 Rxh2 38. Bxe6 f4 39. exf4 gxf4 40. Bxd5 Kf6 41. Bf3 Ke5 42. Re8+ Kf5 43. Kf1 h6 44. Bg2 Rh5 45. Kf2 Rg5 46. Bh3+ Kf6 47. Re4 Ra5 48. Rxf4+ Kg5 49. Rg4+ Kf6 50. Bg2 Rg5 51. Rh4 Rf5+ 52. Bf3 Kg5 53. Rh5+ Kg6 54. Rh1 Rc5 55. Kg3 Ra5 56. Rb1 Kg5 57. Rb8 Kg6 58. Rd8 Rc5 59. Be4+ Kf6 60. Kf4 h5 61. Rd6+ Ke7 62. Rh6 Ra5 63. Bf5 Ra4+ 64. Kg5 h4 65. Re6+ Kd8 66. Rc6 Ke7 67. Rh6 Rb4 68. Bg4 Rd4 69. Kf5 Rd5+ 70. Ke4 Ra5 71. Bf5 Rb5 72. Kf4 Ra5 73. Re6+ Kd8 74. Rc6 Ke7 75. Kg5 h3 76. Rh6 Ra1 77. Rxh3 Kd6 78. Kf6 Rd1 79. Rh8 Rd4 80. Ra8 Kd5 81. Rc8 Kd6 82. Rd8+ Kc5 83. Re8 Kd6 84. Be4 Kd7 85. Re7+ Kd6 86. Re5 Kd7 87. Kf5 Rd1 88. Ra5 Kd6 89. Ra6+ Kd7 90. Ke5 Rc1 (90... Ke7 $11) 91. Rh6 ({White should try} 91. Bf5+ $1 $14 Kc7 92. Be4) 91... Re1 $11 92. Rh7+ Ke8 93. Kd5 Kf8 94. Ra7 Re2 95. Bf5 Re7 96. Ra6 Kf7 97. Be6+ Kf6 98. Rb6 Ra7 99. Kd6 Ra4 100. Rc6 Rb4 101. Ra6 Rh4 102. Ra8 Rd4+ 103. Bd5 Rf4 104. Rg8 Rf5 105. Be6 Rf4 106. Kd5 Ra4 107. Rf8+ Kg7 108. Rf1 Ra5+ 109. Kd6 Kg6 110. Bd5 Rb5 111. Ke5 Ra5 112. Rg1+ Kh5 113. Ke4 Kh6 114. Rd1 Kg5 115. Ke5 Rb5 116. Ra1 Kg4 117. Ra8 Kg5 118. Rf8 Ra5 119. Rb8 Kg4 120. Rg8+ Kh5 121. Rg2 Rb5 122. Ke6 Kh4 123. Rg1 Ra5 124. Rd1 Kg3 125. Rd4 Ra1 126. Kf5 Rf1+ 127. Kg5 1/2-1/2

[Event "Superbet Rapid Poland 2022"]
[Site "Warsaw"]
[Date "2022.05.21"]
[Round "7.4"]
[White "Caruana, Fabiano"]
[Black "So, Wesley"]
[Result "1/2-1/2"]
[ECO "C65"]
[WhiteElo "2786"]
[BlackElo "2766"]
[Annotator "TA"]
[PlyCount "183"]
[EventDate "2022.05.19"]
[EventType "tourn"]
[EventCountry "POL"]
[SourceTitle "playchess.com"]
[Source "ChessBase"]
[SourceQuality "1"]
[TimeControl "1500+10"]

1. e4 e5 2. Nf3 Nc6 3. Bb5 Nf6 4. d3 Bc5 5. c3 O-O 6. O-O d6 7. h3 Ne7 8. Ba4 Ng6 9. Re1 Bb6 10. Nbd2 c6 11. Bc2 Re8 12. d4 Bc7 13. a4 h6 14. Nf1 d5 15. exd5 (15. Nxe5 $11 Nxe5 16. dxe5 Bxe5 17. f4) 15... e4 $15 16. d6 Qxd6 17. N3d2 Bf5 18. g4 Bd7 (18... Nf4 $6 19. gxf5 Nxh3+ 20. Kg2 Nf4+ 21. Kh1 $11) ({Black should try} 18... e3 $17 19. Rxe3 Bxc2 20. Qxc2 Nh4) 19. Nxe4 $15 Nxe4 20. Bxe4 Nh4 $1 21. Bd2 Be6 22. Re3 Qd7 23. Bh1 (23. a5 $15) 23... Bd5 24. f3 Ng6 25. Bg2 Nf4 26. Qc2 {[%emt 0:00:19] [#]} h5 $1 27. Qf5 Be6 28. Qg5 f6 29. Qh4 g5 30. Qf2 Bc4 ({Don't play} 30... hxg4 31. fxg4 f5 32. gxf5 Bxf5 33. Rxe8+ Rxe8 34. Bxf4 Bxf4 35. Re1 $11) (30... f5 $15) 31. Rae1 (31. Ng3 $5 ) 31... Kf7 (31... Rxe3 $15 32. Rxe3 Rf8) 32. Bc1 ({White should play} 32. Rxe8 $1 $11 Rxe8 33. Bxf4 Bxf4 34. gxh5) 32... Bd5 (32... Rxe3 $15 33. Nxe3 Be6) 33. Qc2 Kf8 34. Rxe8+ Rxe8 35. Rxe8+ Qxe8 36. Ne3 hxg4 37. hxg4 Bf7 (37... Qe6 {looks sharper.} 38. Kf2 Nxg2 39. Kxg2 Qd6) 38. Bf1 Bg6 39. Qf2 Qe6 40. Nf5 Bxf5 41. gxf5 Qxf5 42. Bxf4 Qxf4 43. Qe2 a5 44. Bh3 Bd6 45. Kf1 Kg7 46. Kg1 (46. Bc8 $11 {keeps the balance.}) 46... c5 $17 47. dxc5 {[%emt 0:00:14] [#]} Bxc5+ (47... Qg3+ $1 $17 48. Bg2 Bxc5+ 49. Kf1 Qf4) 48. Kg2 $15 Bd6 49. Kf1 Qxa4 50. Qd2 Qb5+ 51. Kg2 Qe5 52. Kf1 b6 53. Bg4 Kh6 54. Qd3 Qh2 55. Qd4 Kg6 (55... Qf4 $5 ) 56. Qe4+ Kg7 57. Qb7+ Bc7 58. Qe4 Qd6 (58... Qxb2 {is a self mate.} 59. Qe7+ Kh6 60. Qxf6+ Kh7 61. Qf7+ Kh6 62. Qf8+ Kg6 63. Bf5+ Kh5 64. Qh8#) 59. Ke2 ({Much weaker is} 59. Bh5 Qd1+ 60. Kg2 Qd2+ 61. Kf1 Qd1+ 62. Kf2 Qd2+ 63. Kf1 Qc1+ 64. Qe1 Bf4 $17) 59... Qc5 60. Kd1 Bf4 61. Kc2 Qd6 62. Qb7+ Kf8 63. Qc8+ Ke7 64. Qb7+ Qc7 65. Qxc7+ (65. Qd5 $11) 65... Bxc7 $15 66. Kd3 Kd6 67. Ke4 Kc5 68. Be6 Be5 69. Kd3 Kd6 70. Bf7 f5 71. Be8 g4 72. fxg4 fxg4 73. Bh5 (73. Ke4 $15) 73... g3 $17 74. Bf3 Kc5 75. Bg2 a4 76. Bf3 Bg7 77. Bg2 Bf8 78. Kc2 Bg7 79. Kd3 b5 80. Kc2 b4 81. cxb4+ Kxb4 82. Bf3 Bf6 83. Bg2 Bg7 84. Bf3 $1 Kc4 85. Bg2 Kd4 86. Kd2 Bh6+ (86... Bh8 $17 87. Bh1 Kc5) 87. Ke2 $15 Be3 88. Kf3 Bf2 89. Bh3 Kc4 90. Bd7 Kb3 91. Kg2 Kxb2 92. Bxa4 1/2-1/2

[Event "Superbet Rapid Poland 2022"]
[Site "Warsaw"]
[Date "2022.05.21"]
[Round "7.5"]
[White "Rapport, Richard"]
[Black "Wojtaszek, Radoslaw"]
[Result "1-0"]
[ECO "B50"]
[WhiteElo "2776"]
[BlackElo "2696"]
[Annotator "TA"]
[PlyCount "71"]
[EventDate "2022.05.19"]
[EventType "tourn"]
[EventCountry "POL"]
[SourceTitle "playchess.com"]
[Source "ChessBase"]
[SourceQuality "1"]
[TimeControl "1500+10"]

1. e4 c5 2. Nf3 d6 3. Bd3 Nf6 4. O-O g6 5. c3 Bg7 6. Bb5+ Bd7 7. Qe2 $5 {[%emt 0:00:39][%mdl 4] Exploring less charted territory. B50: Sicilian: 2...d6, Miscellaneous.} Bxb5 8. Qxb5+ Qd7 9. Qe2 {[%emt 0:00:05] [#] The position is equal.} Qc6 $146 ({Predecessor:} 9... Nc6 10. d4 cxd4 11. cxd4 d5 12. e5 Ne4 13. Nbd2 Nxd2 14. Bxd2 O-O 15. Rac1 Rfc8 16. Rc3 Nd8 17. Rfc1 Rxc3 18. Rxc3 a6 19. Bg5 f6 20. exf6 {½-½ (19) Stripunsky,A (2549)-Kovalyov,A (2617) Mashantucket 2014}) 10. Re1 Qa6 11. Qd1 O-O 12. d4 e6 13. Bf4 Nbd7 14. Nbd2 Rfe8 15. h3 Rac8 16. Be3 cxd4 17. cxd4 Nb6 18. b3 Qd3 19. Bf4 Bf8 20. a4 Nbd7 21. Re3 Qc2 22. Qxc2 Rxc2 23. Nc4 e5 $1 ({Resist} 23... d5 24. Ne1 $16) 24. Bg5 d5 (24... Nh5 {seems wilder.} 25. dxe5 Nxe5 26. Nfxe5 dxe5 27. Rf3 f5) 25. exd5 ({Don't play} 25. Ncxe5 dxe4 26. Nxd7 Nxd7 $11) 25... Nxd5 26. Nfxe5 Nxe3 27. Nxe3 Rxe5 28. dxe5 Rc5 ({Black should try} 28... Rb2 $14) 29. Bf4 Bg7 30. Rd1 Bxe5 31. Bh6 Nf8 {[%emt 0:00:27] [#]} 32. Nc4 $1 Ne6 $2 {[%emt 0:00:41] A mistake that costs the game.} (32... Bc7 $16) 33. Be3 $18 {[%emt 0:00:23] White has a decisive advantage.} Bd4 34. Rxd4 ({Inferior is} 34. Bxd4 Rd5 $11) 34... Nxd4 35. Bxd4 Rd5 36. Bxa7 {[%emt 0:00:02] Weighted Error Value: White=0.04 (flawless) /Black=0.18 (very precise)} 1-0